 Dungeon Crawl Stone Soup version 0.28.0-1-gb440e238dd (webtiles) character file.

Game seed: 10462704823983544055

169505 Fallenstar the Tortoise (level 17, -6/144 HPs)
             Began as a Minotaur Fighter on Feb 20, 2022.
             Was an Elder of Hepliaklqana.
             Hit by a javelin thrown by a merfolk javelineer (15 damage)
             ... on level 4 of the Shoals on Feb 22, 2022.
             The game lasted 02:56:28 (32675 turns).

Fallenstar the Tortoise (Minotaur Fighter)         Turns: 32675, Time: 02:56:31

Health: -6/144     AC: 30    Str: 44    XL:     17   Next: 35%
Magic:  20/20      EV: 10    Int:  5    God:    Hepliaklqana [****..]
Gold:   1553       SH: 18    Dex: 10    Spells: 16/16 levels left

rFire   + . .      SeeInvis +   k - +9 mace "Duzunas" {freeze, rN++ Str+5 Stlth-}
rCold   x . .      Faith    .   S - +5 kite shield of the Morning {rElec rC- Regen+ SInv}
rNeg    + + .      Spirit   .   i - +4 plate armour
rPois   .          Reflect  .   (helmet restricted)
rElec   +          Harm     .   j - +2 cloak
rCorr   .          Rampage  +   g - +0 pair of gloves
Will    +....                   c - +0 pair of boots
Stlth   ..........              u - amulet of Netur {Rampage Regen+ Str+4}
HPRegen 1.94/turn               m - +6 ring of strength
MPRegen 0.17/turn               U - ring of Gigiupt {Fly rF+}

@: flying, studying Necromancy
A: reduced essence, horns 2, retaliatory headbutt
a: Renounce Religion, Recall Ancestor, Ancestor Identity, Transference, Idealise


You were on level 4 of the Shoals.
You worshipped Hepliaklqana.
Hepliaklqana was greatly pleased with you.
You visited 5 branches of the dungeon, and saw 25 of its levels.
You also visited: Ice Cave.

You collected 2542 gold pieces.
You spent 989 gold pieces at shops.

Inventory:

Hand Weapons
 k - the +9 mace "Duzunas" (weapon) {freeze, rN++ Str+5 Stlth-}
   (You found it on level 4 of the Dungeon)

   It freezes those it strikes, dealing additional cold damage.
   It can also slow down cold-blooded creatures.
   Str:       It affects your strength (+5).
   rN:        It greatly protects you from negative energy.
   Stlth:     It makes you less stealthy.
 p - the +2 hand axe of the Messenger {vamp, +Blink rF+ rC+}
   (You found it on level 4 of the Dungeon)

   It occasionally heals its wielder for a portion of the damage dealt when it
   wounds a living foe.
   rF:        It protects you from fire.
   rC:        It protects you from cold.
   +Blink:    It lets you blink.
 w - a +7 battleaxe of venom
 C - a +2 war axe of electrocution
Missiles
 V - 7 throwing nets (quivered)
Armour
 c - a +0 pair of boots (worn)
 g - a +0 pair of gloves (worn)
 i - a +4 plate armour (worn)
 j - a +2 cloak (worn)
 o - the +2 hat "Hacogooxiy" {Rampage *Slow rF- Str+9}
   (You found it on level 9 of the Dungeon)

   Str:       It affects your strength (+9).
   rF:        It makes you vulnerable to fire.
   *Slow:     It may slow you when you take damage.
   Rampage:   It bestows one free step when moving towards enemies.
 t - +0 acid dragon scales
 S - the +5 kite shield of the Morning (worn) {rElec rC- Regen+ SInv}
   (You acquired it on level 2 of the Orcish Mines)

   rC:        It makes you vulnerable to cold.
   rElec:     It insulates you from electricity.
   SInv:      It lets you see invisible.
   Regen:     It increases your rate of health regeneration.
 X - +0 pearl dragon scales
Jewellery
 d - an amulet of the acrobat
 f - an amulet of guardian spirit
 m - a +6 ring of strength (left hand)
 q - a ring of willpower
 s - a ring of positive energy
 u - the amulet of Netur (around neck) {Rampage Regen+ Str+4}
   (You found it on level 6 of the Lair of Beasts)

   [amulet of regeneration]

   Str:       It affects your strength (+4).
   Regen:     It increases your rate of health regeneration.
   Rampage:   It bestows one free step when moving towards enemies.
 v - a ring of willpower
 F - a +4 ring of slaying
 H - a ring of ice
 U - the ring of Gigiupt (right hand) {Fly rF+}
   (You bought it in a shop on level 2 of the Orcish Mines)

   [ring of flight]

   rF:        It protects you from fire.
   Fly:       It grants you flight.
Wands
 a - a wand of flame (11)
 l - a wand of polymorph (15)
 A - a wand of paralysis (5)
 D - a wand of digging (5)
 E - a wand of charming (12)
 G - a wand of iceblast (2)
 M - a wand of acid (22)
Scrolls
 b - a scroll of teleportation
 h - 8 scrolls of fog
 r - 4 scrolls of fear
 x - a scroll of brand weapon
 y - 2 scrolls of amnesia
 N - 3 scrolls of identify
 O - a scroll of magic mapping
 P - a scroll of silence
 R - a scroll of enchant weapon
 Z - a scroll of holy word
Potions
 e - a potion of curing
 n - 6 potions of flight
 z - a potion of ambrosia
 B - a potion of cancellation
 I - a potion of magic
 J - 2 potions of brilliance
 K - 5 potions of might
 L - 3 potions of mutation
 Q - 2 potions of resistance
 W - a potion of haste
 Y - a potion of berserk rage


   Skills:
 + Level 17.3 Fighting
 - Level 6.2(14.2) Axes
 + Level 19.6(19.9) Maces & Flails
 + Level 19.9 Armour
 + Level 5.9 Dodging
 - Level 0.1 Stealth
 + Level 16.2 Shields
 + Level 5.5 Invocations
 + Level 2.0 Evocations


You had 16 spell levels left.
You didn't know any spells.
Your spell library contained the following spells:

 Spells                   Type           Power      Damage    Failure   Level
 Animate Skeleton         Necr           0%         N/A       94%         1
 Apportation              Tloc           0%         N/A       94%         1
 Beastly Appendage        Tmut           0%         N/A       94%         1
 Magic Dart               Conj           0%         1d3       94%         1
 Pain                     Necr           0%         1d4       94%         1
 Summon Small Mammal      Summ           0%         N/A       94%         1
 Call Imp                 Summ           0%         N/A       98%         2
 Corpse Rot               Necr/Air       0%         N/A       98%         2
 Ensorcelled Hibernation  Hex/Ice        0%         N/A       98%         2
 Passwall                 Tmut/Erth      0%         N/A       98%         2
 Poisonous Vapours        Pois/Air       0%         N/A       98%         2
 Wereblood                Tmut           0%         N/A       98%         2
 Call Canine Familiar     Summ           0%         N/A       100%        3
 Mephitic Cloud           Conj/Pois/Air  0%         N/A       100%        3
 Spider Form              Tmut/Pois      0%         N/A       100%        3
 Stone Arrow              Conj/Erth      0%         3d7       100%        3
 Summon Guardian Golem    Hex/Summ       0%         N/A       100%        3
 Swiftness                Air            0%         N/A       100%        3
 Animate Armour           Summ/Erth      0%         N/A       100%        4
 Fulminant Prism          Conj/Hex       0%         3d6       100%        4
 Iskenderun's Mystic Bla  Conj/Tloc      0%         2d3       100%        4
 Agony                    Necr           0%         N/A       100%        5
 Excruciating Wounds      Necr           0%         N/A       100%        5
 Fireball                 Conj/Fire      0%         3d3       100%        5
 Lee's Rapid Deconstruct  Erth           0%         3d5*      100%        5
 Starburst                Conj/Fire      0%         6d3       100%        6
 Ignition                 Fire           0%         3d3       100%        8
 Lehudib's Crystal Spear  Conj/Erth      0%         10d2      100%        8


Dungeon Overview and Level Annotations

Branches:
Dungeon (12/15)            Temple (1/1) D:6            Lair (6/6) D:8
 Shoals (4/4) Lair:2        Snake (0/4) Lair:2        Slime (0/5) Lair:6
    Orc (2/2) D:12            Elf (0/3) Orc:2         IceCv (visited)

Altars:
Ashenzari
Cheibriados
Dithmenos
Elyvilon
Fedhas
Gozag
Hepliaklqana
Kikubaaqudgha
Makhleb
Nemelex Xobeh
Okawaru
Qazlal
Ru
Sif Muna
Trog
Uskayaw
Vehumet
Wu Jian
Xom
Yredelemnul
Zin
The Shining One
Beogh

Shops:
D:4 !   D:6 [   D:10 =   Orc:2 (=??   Shoals:1 (

Portals:
Pandemonium: Orc:2

Annotations:
Shoals:4 Mlioglotl


Innate Abilities, Weirdness & Mutations

Your life essence is reduced to manifest your ancestor. (-10% HP)
You have a pair of horns on your head.
You reflexively headbutt those who attack you in melee.


Message History

You are no longer terrified.
You feel very sick.
The sea snake hisses angrily.
As you read the scroll of teleportation, it crumbles to dust.
You feel strangely unstable.
You feel very sick.
A wind drake comes into view.
Found 18 stones.
You feel sick.
The wind drake hisses angrily.
Your surroundings suddenly seem different.
A merfolk javelineer and a water nymph come into view.
You feel sick.
The water nymph shouts!
The merfolk javelineer throws a javelin.
The javelin pierces through you!
* * * LOW HITPOINT WARNING * * *
The water nymph flows with the water.
You feel better.
The merfolk javelineer throws a javelin.
The javelin pierces through you!
* * * LOW HITPOINT WARNING * * *
The water nymph barely misses you. You furiously retaliate!
You headbutt the water nymph! You barely miss the water nymph.
The water nymph is moderately wounded.
The merfolk javelineer throws a javelin.
The javelin pierces through you!
* * * LOW HITPOINT WARNING * * *
Unknown command.
You feel better. The water nymph completely misses you.
You furiously retaliate!
You headbutt the water nymph.
The merfolk javelineer throws a javelin.
The javelin barely misses you.
You feel better. The water nymph casts a spell at you.
The water rises up and strikes you!
* * * LOW HITPOINT WARNING * * *
The merfolk javelineer throws a javelin.
The javelin pierces through you!
You die...

###################
).....÷.........≈≈#
..)...)......m.[≈m####
##..##########..@≈≈≈≈#
..)÷........8#......≈###
≈))≈≈≈≈#.....#......≈≈≈#
≈#≈≈#≈≈≈≈≈...#..8..<..≈#
≈.#≈..≈≈≈≈≈#.#.....[.)≈###
≈≈..≈≈≈≈≈≈≈..#.≈≈≈...)≈≈≈#
≈≈≈≈≈≈.......#.≈_≈..8....#
............8#.≈≈≈..)≈)..#
###############..........#


You could see a merfolk javelineer and a water nymph.

Vanquished Creatures
  Polyphemus (Shoals:3)
  Kirke (Shoals:1)
  Nessos (D:12)
  The ghost of mopl the Cleaver, a journeyman MiBe of Trog (D:11)
  An ettin (Orc:2)
  3 merfolk javelineers
  6 merfolk impalers
  Josephine (D:11)
  Fannar (D:10)
  16 hydras
  A boulder beetle (Lair:6)
  The ghost of Skimidon the Skirmisher, a novice TrTm of Okawaru (D:9)
  Harold (D:8)
  2 centaur warriors
  A demonspawn (Orc:2)
  A merfolk avatar (Shoals:4)
  7 merfolk aquamancers
  6 catoblepae
  6 two-headed ogres
  Erica (D:11)
  15 death yaks
  12 orc high priests
  Urug (D:12)
  Sonja (Lair:4)
  The ghost of Enish the Grappler, a novice TrDe of Dithmenos (D:10)
  4 skeletal warriors
  7 sea snakes
  A lindwurm (Lair:6)
  A wolf spider zombie (D:12)
  6 orc knights
  12 harpies
  3 ugly things
  6 orc sorcerers
  12 manticores
  3 cyclopes
  6 water nymphs (Shoals:4)
  4 fauns
  3 elephants (Lair:6)
  6 merfolk sirens
  7 black mambas
  A rust devil (Orc:2)
  11 cane toads
  2 orange demons (Orc:2)
  A yaktaur (D:11)
  3 rime drakes
  2 efreet
  2 ice devils (D:12)
  10 komodo dragons
  A hellwing (Orc:2)
  17 merfolk
  11 trolls
  11 slime creatures
  4 polar bears
  21 blink frogs
  5 wind drakes
  14 dream sheep
  9 snapping turtles
  Sigmund (D:3)
  A shadow (D:11)
  2 wraiths (D:11)
  45 yaks
  A ynoxinul (Orc:2)
  An air elemental (Shoals:4)
  A vampire (D:10)
  3 wyverns
  22 water elementals
  5 basilisks
  Grum (D:8)
  Eustachio (D:6)
  7 wargs
  An acid dragon (D:9)
  6 nagas (Lair:2)
  The ghost of Armakuni the Magician, an amateur DEAr (D:5)
  6 water moccasins
  44 orc warriors
  4 ice beasts
  3 necrophages
  3 black bears
  3 sky beasts
  6 ogres
  2 centaurs (D:10)
  4 phantoms
  25 wolves
  2 kobold brigands (D:6)
  10 bullfrogs
  3 gnoll sergeants
  3 scorpions
  A water moccasin zombie (D:5)
  3 water moccasin skeletons (D:5)
  9 wights
  9 killer bees
  3 howler monkeys (D:7)
  A jelly (D:8)
  8 centaur zombies
  38 orc priests
  2 hounds
  A bullfrog skeleton (D:6)
  2 centaur skeletons
  Jessica (D:2)
  3 gnoll shamans
  Terence (D:3)
  An iguana (D:5)
  Natasha (twice) (D:4)
  31 orc wizards
  A killer bee zombie (D:8)
  A mummy (D:12)
  A howler monkey skeleton (D:6)
  15 gnolls
  7 adders
  2 shadow imps
  A white imp (D:6)
  2 worms
  A dart slug (D:4)
  80 orcs
  5 bats
  5 endoplasms
  4 giant cockroaches
  12 goblins
  10 hobgoblins
  13 jackals
  3 quokkas
  7 ball pythons
  2 frilled lizards (D:1)
  17 kobolds
  6 rats
823 creatures vanquished.

Vanquished Creatures (collateral kills)
  2 merfolk impalers (Shoals:4)
  A hydra (Lair:4)
  2 merfolk aquamancers
  A catoblepas (Lair:6)
  An alligator snapping turtle (Shoals:3)
  3 death yaks
  An orc knight (Orc:2)
  3 harpies (Shoals:3)
  An ugly thing (D:12)
  A manticore (Lair:6)
  2 elephants (Lair:6)
  3 water nymphs
  A centaur zombie (D:11)
  A black mamba (Lair:2)
  A cane toad (Lair:6)
  Maggie (D:10)
  A freezing wraith (D:11)
  A troll (D:10)
  2 merfolk (Shoals:3)
  4 slime creatures
  A blink frog (Lair:2)
  4 dream sheep
  6 yaks
  A vampire (D:11)
  3 water elementals
  2 wraiths (D:11)
  A basilisk (Lair:5)
  A hog (Shoals:1)
  An acid dragon (D:11)
  A naga (Lair:2)
  A water moccasin (Lair:4)
  4 orc warriors
  4 wolves
  A killer bee (D:9)
  3 orc priests
  An orc wizard (Orc:1)
  A gnoll (D:8)
  9 orcs
78 creatures vanquished.

Vanquished Creatures (others)
  Psyche (D:10)
  A water elemental (Shoals:4)
  A human (Shoals:1)
  An ancestor (D:8)
  23 hexers
  2 orcs
  34 fungi
  93 plants
  3 withered plants (D:12)
159 creatures vanquished.

Grand Total: 1060 creatures vanquished

Notes
Turn   | Place    | Note
-------+----------+-------------------------------------------
     0 | D:1      | Fallenstar the Minotaur Fighter began the quest for the
                  | Orb.
     0 | D:1      | Reached XP level 1. HP: 19/19 MP: 0/0
   251 | D:1      | Reached XP level 2. HP: 27/27 MP: 1/1
   702 | D:1      | Reached XP level 3. HP: 33/33 MP: 2/2
   962 | D:1      | Found a faded altar of an unknown god.
  1622 | D:2      | Reached XP level 4. HP: 23/40 MP: 3/3
  2002 | D:2      | Noticed Jessica
  2007 | D:2      | Killed Jessica
  2246 | D:2      | You fall into a shaft and drop 2 floors!
  2280 | D:4      | Identified the +9 mace "Duzunas" {freeze, rN++ Str+5
                  | Stlth-}
  2340 | D:4      | Noticed a scorpion
  2343 | D:4      | Killed a scorpion
  2344 | D:4      | Reached skill level 1 in Maces & Flails
  2344 | D:4      | Reached skill level 1 in Dodging
  2344 | D:4      | Reached XP level 5. HP: 47/47 MP: 4/4
  2383 | D:3      | Found a basalt altar of Yredelemnul.
  2404 | D:3      | Noticed Sigmund
  2411 | D:3      | Killed Sigmund
  2412 | D:3      | Reached skill level 5 in Armour
  2412 | D:3      | Reached XP level 6. HP: 55/55 MP: 5/5
  2758 | D:3      | Noticed Terence
  2763 | D:3      | Killed Terence
  3139 | D:4      | Reached skill level 5 in Fighting
  3139 | D:4      | Reached XP level 7. HP: 53/61 MP: 6/6
  3214 | D:4      | Identified the +2 hand axe of the Messenger {vamp, +Blink
                  | rF+ rC+}
  3218 | D:4      | Noticed Natasha
  3222 | D:4      | Killed Natasha
  3374 | D:4      | Reached skill level 5 in Maces & Flails
  3374 | D:4      | Found Miumafig's Distillery.
  3378 | D:4      | Bought a potion of heal wounds for 55 gold pieces
  3838 | D:4      | Noticed Natasha
  3843 | D:4      | Killed Natasha
  3929 | D:5      | Entered Level 5 of the Dungeon
  3971 | D:5      | Reached XP level 8. HP: 43/68 MP: 7/7
  4100 | D:5      | Found a transporter.
  4150 | D:5      | Found a transporter.
  4159 | D:5      | Noticed Armakuni's ghost (amateur DEAr)
  4335 | D:5      | Killed Armakuni's ghost
  4444 | D:5      | Found a shimmering blue altar of Sif Muna.
  4743 | D:6      | Reached XP level 9. HP: 75/75 MP: 8/8
  4931 | D:6      | Reached skill level 10 in Maces & Flails
  5240 | D:6      | Found Qooxepnaergh's Armour Emporium.
  5249 | D:6      | Noticed Eustachio
  5261 | D:6      | Killed Eustachio
  5262 | D:6      | Reached skill level 5 in Shields
  5929 | D:6      | Found a staircase to the Ecumenical Temple.
  5937 | Temple   | Entered the Ecumenical Temple
  6097 | Temple   | Became a worshipper of Hepliaklqana the Forgotten
  6566 | D:7      | Reached XP level 10. HP: 78/84 MP: 9/9
  6961 | D:8      | Reached * piety under Hepliaklqana
  7081 | D:8      | Noticed a six-headed hydra
  7090 | D:8      | Killed a six-headed hydra
  7278 | D:8      | Noticed Grum
  7284 | D:8      | Reached skill level 10 in Armour
  7286 | D:8      | Killed Grum
  7503 | D:8      | Noticed Harold
  7525 | D:8      | Killed Harold
  8011 | D:8      | Found a staircase to the Lair.
  8163 | Lair:1   | Entered Level 1 of the Lair of Beasts
  8252 | Lair:1   | Noticed a six-headed hydra
  8258 | Lair:1   | Killed a six-headed hydra
  8259 | Lair:1   | Reached XP level 11. HP: 73/85 MP: 8/10
  8431 | Lair:1   | Noticed a five-headed hydra
  8441 | Lair:1   | Killed a five-headed hydra
  8484 | Lair:1   | Noticed an eight-headed hydra
  8490 | Lair:1   | Killed an eight-headed hydra
  8693 | Lair:1   | Reached ** piety under Hepliaklqana
  8847 | Lair:1   | Reached skill level 15 in Maces & Flails
  9079 | Lair:1   | Remembered your ancestor Cow as a hexer
  9468 | D:9      | Found a runed translucent gate.
  9468 | D:9      | Found a runed translucent gate.
  9469 | D:9      | Found a runed translucent gate.
  9471 | D:9      | Noticed Skimidon's ghost (novice TrTm)
 10162 | D:9      | Noticed a two-headed ogre
 10169 | D:9      | Killed a two-headed ogre
 10171 | D:9      | Reached skill level 10 in Fighting
 10171 | D:9      | Reached XP level 12. HP: 78/95 MP: 7/12
 10889 | D:9      | Killed Skimidon's ghost
 10909 | D:9      | Identified the +2 hat "Hacogooxiy" {Rampage *Slow rF-
                  | Str+9}
 10998 | D:10     | Entered Level 10 of the Dungeon
 10998 | D:10     | Noticed Maggie
 11007 | D:10     | Killed Maggie
 11057 | D:10     | Reached XP level 13. HP: 85/102 MP: 11/13
 11164 | D:10     | Reached *** piety under Hepliaklqana
 11323 | D:10     | Found a runed translucent gate.
 11324 | D:10     | Found a runed translucent gate.
 11324 | D:10     | Noticed Enish's ghost (novice TrDe)
 11325 | D:10     | Found a runed translucent gate.
 11358 | D:10     | Found Niosyggi's Jewellery Shoppe.
 11453 | D:10     | Noticed Fannar
 11453 | D:10     | Noticed Psyche
 11463 | D:10     | Killed Psyche
 11981 | Lair:2   | Found a staircase to the Snake Pit.
 13090 | Lair:2   | Found a staircase to the Shoals.
 13528 | Lair:3   | Reached **** piety under Hepliaklqana
 14335 | Lair:4   | Noticed Sonja
 14344 | Lair:4   | Killed Sonja
 14855 | Lair:4   | Reached skill level 10 in Shields
 16279 | D:10     | Killed Fannar
 16280 | D:10     | Reached skill level 15 in Armour
 16538 | D:10     | Killed Enish's ghost
 16539 | D:10     | Reached XP level 14. HP: 86/114 MP: 10/14
 16882 | D:11     | Found a runed translucent door.
 16884 | D:11     | Noticed mopl's ghost (journeyman MiBe)
 16933 | D:11     | Killed mopl's ghost
 18184 | Lair:5   | Reached skill level 5 in Dodging
 18974 | Lair:6   | Entered Level 6 of the Lair of Beasts
 19020 | Lair:6   | Found a staircase to the Slime Pits.
 20007 | Lair:6   | Identified the amulet of Netur {Rampage Regen+ Str+4}
 20489 | Lair:6   | Reached XP level 15. HP: 125/125 MP: 16/16
 21497 | D:11     | Noticed Josephine
 21508 | D:11     | Killed Josephine
 21565 | D:11     | Noticed Erica
 21571 | D:11     | Killed Erica
 22639 | D:12     | Found a blossoming altar of Fedhas.
 22711 | D:12     | Found a frozen archway.
 22730 | IceCv    | Entered an ice cave
 22859 | IceCv    | Reached skill level 15 in Fighting
 23102 | IceCv    | Noticed a frost giant
 23426 | D:12     | Noticed Nessos
 23444 | D:12     | Killed Nessos
 23992 | D:12     | Noticed Urug
 23997 | D:12     | Killed Urug
 24035 | D:12     | Found a staircase to the Orcish Mines.
 24356 | Orc:1    | Entered Level 1 of the Orcish Mines
 25297 | Orc:2    | Entered Level 2 of the Orcish Mines
 25461 | Orc:2    | Found Waodul's Magic Scroll Boutique.
 25467 | Orc:2    | Found Cuimet Raje's Magic Scroll Shop.
 25622 | Orc:2    | Bought a scroll of identify for 36 gold pieces
 25622 | Orc:2    | Bought a scroll of brand weapon for 360 gold pieces
 25624 | Orc:2    | Bought a scroll of identify for 32 gold pieces
 25624 | Orc:2    | Bought a scroll of identify for 32 gold pieces
 25624 | Orc:2    | Bought a scroll of identify for 32 gold pieces
 25624 | Orc:2    | Bought a scroll of identify for 32 gold pieces
 25624 | Orc:2    | Bought a scroll of identify for 32 gold pieces
 25625 | Orc:2    | Identified a scroll of acquirement
 25629 | Orc:2    | Acquired the +5 kite shield of the Morning {rElec rC-
                  | Regen+ SInv}
 25672 | Orc:2    | Reached XP level 16. HP: 123/135 MP: 18/18
 25919 | Orc:2    | Reached skill level 5 in Invocations
 27062 | Orc:2    | Found a staircase to the Elven Halls.
 27472 | Orc:2    | Found Oxtotey's Antique Weapon Emporium.
 27472 | Orc:2    | Found Efan's Jewellery Shoppe.
 27473 | Orc:2    | Found a one-way gate leading to the halls of Pandemonium.
 27477 | Orc:2    | Bought the ring of Gigiupt {Fly rF+} for 378 gold pieces
 27850 | Shoals:1 | Entered Level 1 of the Shoals
 27868 | Shoals:1 | Noticed Kirke
 27917 | Shoals:1 | Found Vapiabb's Antique Weapon Boutique.
 28311 | Shoals:1 | Killed Kirke
 29457 | Shoals:2 | Reached ***** piety under Hepliaklqana
 29708 | Shoals:2 | Reached skill level 15 in Shields
 30378 | Shoals:4 | Entered Level 4 of the Shoals
 30815 | Shoals:4 | Reached XP level 17. HP: 135/144 MP: 19/19
 30856 | Shoals:3 | Noticed Polyphemus
 30865 | Shoals:3 | Killed Polyphemus
 31482 | Shoals:4 | Found a stormy altar of Qazlal.
 31509 | Shoals:4 | Paralysed by an air elemental for 1 turns
 32103 | Shoals:4 | Found a stormy altar of Qazlal.
 32619 | Shoals:4 | Noticed Mlioglotl
 32668 | Shoals:4 | Noticed a titan
 32673 | Shoals:4 | HP: 2/144 [merfolk javelineer/javelin (15)]
 32675 | Shoals:4 | Hit by a javelin thrown by a merfolk javelineer

Illustrated notes

Levels and vault maps discovered:
D:1:      matt_arrival_refuge, layout_loops_ring,
          shapermc_ecumenical_altar_venn, chequers_serial_rivers_room_b
D:2:      layout_basic, kennysheep_crisscross, uniq_jessica
D:3:      layout_basic, yredelemnul_altar_generic, uniq_sigmund, uniq_terence
D:4:      layout_loops_ring, serial_shops, nicolae_shop_advertising_works
          [nicolae_subvault_shop_adworks], grunt_ministairs_4, uniq_natasha
D:5:      layout_rooms, mainiacjoe_overflow_small_starburst,
          gammafunk_ghost_gnarly_gnolls
D:6:      layout_loops_ring, temple_statues, serial_shops, nicolae_shop_crystal,
          grunt_ministairs_8, minmay_pentangle, uniq_eustachio
D:7:      layout_cave_pools
D:8:      layout_cave_pools, grunt_lair_entry_orc_guard_hut,
          kennysheep_windowed_goal, uniq_harold, uniq_grum
D:9:      layout_layer_cave, biasface_ghost_orc_armoury
D:10:     layout_cave_pools, serial_shops, nicolae_shop_stone,
          gammafunk_ghost_hydra_chop, uniq_fannar, uniq_maggie, uniq_psyche
D:11:     layout_roguey, ebering_ghost_inner_flame, grunt_potential,
          uniq_josephine, uniq_erica
D:12:     layout_basic, david_orc_4, serial_undead, serial_undead_e,
          serial_undead_f, serial_undead_a, serial_undead_e, serial_undead_e,
          serial_undead_c, portal_ice_cave_demonic_guard, minmay_misc_feat_five,
          minmay_misc_feat_pillars, fedhas_altar_2, uniq_urug, uniq_nessos
Temple:   regret_index_temple_chain_breaker
Lair:1:   layout_regular_city, minmay_hedge_maze, serial_bayou_shore_a
Lair:2:   layout_long_grid, minmay_shoals_entry_hut,
          minmay_snake_entry_guardpost_medium, infiniplex_staircase_pool
Lair:3:   layout_cave_pods, gauntlet_entry_generic
Lair:4:   layout_small_grid, grunt_megastairs_3, uniq_sonja
Lair:5:   layout_cave_pods, grunt_megastairs_1
Lair:6:   evilmike_catoblepas_cave, layout_cave_pods, slime_dummy
Shoals:1: layout_shoals, nicolae_shoals_c_island, uniq_kirke
Shoals:2: cheibrodos_shoals_baths, layout_shoals, ldierk_geyser
Shoals:3: layout_shoals, nicolae_shoals_land_atoll,
          nicolae_shoals_aquamancer_cove, uniq_polyphemus
Shoals:4: shoals_end_hellmonk_storm_palace [storm_palace_center_ruins,
          storm_palace_corner_altar, storm_palace_corner_altar,
          storm_palace_corner_narrow, storm_palace_corner_narrow],
          uniq_mlioglotl
Orc:1:    layout_caves, minmay_orc_temple_c
Orc:2:    pf_orc_diabolical, layout_diamond_mine, nicolae_orc_lava_room

Skill      XL: |  1  2  3  4  5  6  7  8  9 10 11 12 13 14 15 16 17 |
---------------+----------------------------------------------------+-----
Armour         | 4 5 6 7 9 11 12 15 17 18 19 | 19.9
Axes           | 3 4 6 |  6.2
Fighting       | 4 5 6 8 10 12 14 15 16 17 | 17.3
Shields        | 4 5 6 8 10 11 13 15 16 | 16.2
Maces & Flails | 1 2 4 6 9 12 13 15 16 17 18 19 | 19.6
Dodging        | 1 2 3 4 5 |  5.9
Invocations    | 2 3 4 5 |  5.5
Evocations     | 2 |  2.0
Stealth        | |  0.1

Action                   |  1- 3 |  4- 6 |  7- 9 | 10-12 | 13-15 | 16-18 || total
-------------------------+-------+-------+-------+-------+-------+-------++-------
Melee: War axe           |    64 |    13 |       |       |       |       ||    77
       Headbutt          |    11 |     6 |    27 |    45 |   252 |   142 ||   483
       Mace              |       |    60 |   213 |   255 |  1114 |   633 ||  2275
Invok: Recall Ancestor   |       |       |       |     1 |     2 |     1 ||     4
       Ancestor Identity |       |       |       |     1 |       |       ||     1
       Ancestor Life: He |       |       |       |     1 |       |       ||     1
       Idealise          |       |       |       |       |     7 |     3 ||    10
       Transference      |       |       |       |       |       |     3 ||     3
  Use: Potion            |     1 |     1 |     4 |     5 |    13 |     8 ||    32
       Scroll            |       |       |    10 |    10 |    19 |     9 ||    48
 Stab: Distracted        |       |       |       |     3 |    12 |     5 ||    20
       Invisible         |       |       |       |     4 |       |       ||     4
       Confused          |       |       |       |     2 |     8 |     7 ||    17
       Paralysed         |       |       |       |       |    19 |    26 ||    45
       Petrified         |       |       |       |       |       |     1 ||     1
Armor: Scale mail        |    36 |    21 |       |       |       |       ||    57
       Chain mail        |       |    14 |    56 |       |       |       ||    70
       Plate armour      |       |       |    11 |   121 |   600 |   327 ||  1059
Dodge: Dodged            |    32 |    41 |    76 |    93 |   414 |   175 ||   831
Block: Buckler           |    16 |    24 |    41 |    58 |   264 |       ||   403
       Kite shield       |       |       |       |       |     8 |   567 ||   575
